 Dungeon Crawl Stone Soup version 0.28-a0-537-g3bccd9ccbf (webtiles) character file.

Game seed: 5148453861555647625

45 speeev33 the Shield-Bearer (level 3, 0/24 HPs)
             Began as a Gargoyle Fighter on Sept 27, 2021.
             Slain by a goblin (2 damage)
             ... led by Robin
             ... on level 2 of the Dungeon.
             The game lasted 00:02:59 (1640 turns).

speeev33 the Shield-Bearer (Gargoyle Fighter)       Turns: 1640, Time: 00:03:00

Health: 0/24       AC: 12    Str: 20    XL:     3   Next: 64%
Magic:  3/3        EV:  5    Int:  8    God:
Gold:   80         SH:  8    Dex:  9    Spells: 2/2 levels left

rFire   . . .      SeeInvis .   a - +0 flail
rCold   . . .      Faith    .   e - +0 kite shield
rNeg    + . .      Spirit   .   c - +0 chain mail
rPois   ∞          Reflect  .   (no helmet)
rElec   +          Harm     .   (no cloak)
rCorr   .          Rampage  .   (no gloves)
Will    .....                   (no boots)
Stlth   ..........              (no amulet)
HPRegen 0.08/turn               (no ring)
MPRegen 0.08/turn               (no ring)

@: no status effects
A: sickness immunity, AC +3, negative energy resistance 1, electricity
resistance, torment resistance 1, petrification resistance
a: no special abilities


You were on level 2 of the Dungeon.
You visited 1 branch of the dungeon, and saw 2 of its levels.

You collected 80 gold pieces.

Inventory:

Hand Weapons
 a - a +0 flail (weapon)
Armour
 c - a +0 chain mail (worn)
 e - a +0 kite shield (worn)
Jewellery
 b - a +4 ring of protection
Scrolls
 f - a scroll of teleportation
 h - a scroll of magic mapping
Potions
 d - a potion of might
 g - a potion of attraction {unknown}


   Skills:
 + Level 3.7 Fighting
 + Level 2.5 Maces & Flails
 + Level 3.7 Armour
 + Level 3.7 Shields


You had 2 spell levels left.
You didn't know any spells.
Your spell library was empty.

Dungeon Overview and Level Annotations

Branches:
Dungeon (2/15)

Altars:

Annotations:
D:2 Robin


Innate Abilities, Weirdness & Mutations

You are immune to sickness and miasma.
Your stone body is resilient. (AC +3)
You are immune to poison.
You resist negative energy. (rN+)
You are resistant to electric shocks. (rElec)
You are resistant to unholy torment.
You are immune to petrification.


Message History

You block the goblin's attack. The goblin hits you but does no damage.
The goblin completely misses you. The goblin hits you with a +0 dagger.
You closely miss the goblin.
The goblin no longer looks unusually strong. x2
You block the goblin's attack. The goblin closely misses you.
Robin roars a battlecry!
The goblins go into a battle-frenzy!
You block the goblin's attack. The goblin hits you but does no damage.
The goblin barely misses you.
You thump the goblin!
You kill the goblin!
Robin throws the goblin at you!
The goblin hits you with a +0 dagger. x2
A goblin comes into view. It is wielding a +0 dagger.
You block the goblin's attack.
You closely miss the goblin. You block the goblin's attack.
The goblin hits you but does no damage. x3; The goblin barely misses you.
You sock the goblin!
You kill the goblin!
Robin says, "Kneel, worm!"
You block the goblin's attack. The goblin hits you with a +0 dagger.
Robin throws the goblin at you!
You closely miss the goblin. You block the goblin's attack.
The goblin hits you but does no damage. The goblin hits you with a +0 dagger.
* * * LOW HITPOINT WARNING * * *
Robin's bangles clink loudly.
The goblin hits you but does no damage. The goblin completely misses you.
The goblin hits you but does no damage.
Unknown command.
You closely miss the goblin. The goblin completely misses you.
The goblin hits you but does no damage. The goblin hits you with a +0 dagger.
* * * LOW HITPOINT WARNING * * *
Robin says, "My army is invincible!"
You barely miss the goblin.
The goblin no longer looks unusually strong.
You block the goblin's attack. The goblin hits you with a +0 dagger.
* * * LOW HITPOINT WARNING * * *
The goblin completely misses you. You block the goblin's attack.
The goblin hits you but does no damage. You block the goblin's attack.
You closely miss the goblin. The goblin hits you with a +0 dagger.
You die...

..######### #......<..#
... ...........
#..#####..# .#.
#.######### #..# #..# ...
#.## ###..##
##..####.#.#. #..#######
#...#.###.#..........
.........#
#.#.##...##.####.#...
##.##.###.###.#.#######.#
## #.##.#
.....#g#######.#
#.##.###.#####g@ggg....#
..# #...# #####.##### #.#
#..## #.†..gg.g . #.#
#..# ######### #.# #..#
##.###..# ........###
##..........#
#.####.###.#


You could see Robin and 4 goblins.

Vanquished Creatures
  A gnoll (D:1)
  A dart slug (D:1)
  5 bats
  3 endoplasms
  A giant cockroach (D:2)
  5 goblins
  2 hobgoblins
  2 quokkas
  4 ball pythons
  A frilled lizard (D:1)
  5 kobolds
  3 rats (D:1)
33 creatures vanquished.

Notes
Turn   | Place    | Note
-------+----------+-------------------------------------------
     0 | D:1      | speeev33 the Gargoyle Fighter began the quest for the Orb.
     0 | D:1      | Reached XP level 1. HP: 14/14 MP: 1/1
     2 | D:1      | Noticed a tengu
     4 | D:1      | Noticed a spriggan
     4 | D:1      | Noticed a ghoul
     6 | D:1      | Noticed a dwarf
     8 | D:1      | Noticed an octopode
    10 | D:1      | Noticed a vampire
    12 | D:1      | Noticed an ogre
    14 | D:1      | Noticed a troll
    14 | D:1      | Noticed a demigod
    16 | D:1      | Noticed an elf
    16 | D:1      | Noticed a naga
    18 | D:1      | Noticed a merfolk
    18 | D:1      | Noticed a vine stalker
    20 | D:1      | Noticed a formicid
    20 | D:1      | Noticed a felid
    22 | D:1      | Noticed a demonspawn
    22 | D:1      | Noticed a draconian
    24 | D:1      | Noticed a human
    24 | D:1      | Noticed a minotaur
    26 | D:1      | Noticed a gargoyle
   148 | D:1      | Reached XP level 2. HP: 19/19 MP: 2/2
   239 | D:1      | Found a faded altar of an unknown god.
   513 | D:1      | Reached XP level 3. HP: 1/23 MP: 3/3
  1621 | D:2      | Identified the -3 helmet of the Dolphin {rN+ Str+4 Int-3}
  1621 | D:2      | Noticed Robin
  1640 | D:2      | Slain by a goblin

Illustrated notes

Levels and vault maps discovered:
D:1:      kb_arrival_jail, layout_rooms, hellmonk_ecumenical_altar_inner_sanctum
D:2:      layout_loops_ring, uniq_robin

Action                   || total
-------------------------++-------
Melee: Flail             ||    95
  Use: Scroll            ||     3
Armor: Scale mail        ||    38
       Chain mail        ||    24
Dodge: Dodged            ||    44
Block: Buckler           ||    14
       Kite shield       ||    23

Table legend: (Time is in decaauts)
 A = Elapsed time spent in this place.
 B = Non-inter-level travel time spent in this place.
 C = Inter-level travel time spent in this place.
 D = Time resting spent in this place.
 E = Time spent auto-exploring this place.
 F = Levels seen in this place.
 G = Mean time per level.
                   A        B        C        D        E       F      G
               +--------+--------+--------+--------+--------+-----+--------+
         Total |   1677 |   1594 |     83 |    356 |    891 |   2 |  838.5 |
       Dungeon |   1677 |   1594 |     83 |    356 |    891 |   2 |  838.5 |
               +--------+--------+--------+--------+--------+-----+--------+

Top non-repeatable levels by time:
     D:1: 1159 daAuts
     D:2: 518 daAuts
